[Event "Team 45 45 League T57"]
[Site "Internet Chess Club"]
[Date "2013.05.23"]
[Round "1"]
[White "LazyPeon"]
[Black "room-matt"]
[Result "0-1"]
[WhiteElo "1786"]
[BlackElo "1754"]
[Opening "Budapest: Adler variation"]
[ECO "A52"]
[Time "15:35:06"]
[TimeControl "2700+45"]

1. d4 Nf6 2. c4 e5 3. dxe5 Ng4 4. Nf3 Bc5 5. e3 Nc6 6. Be2 Ngxe5 7. Nxe5 Nxe5 8.
O-O O-O 9. Nc3 Re8 10. b3 a5 11. Bb2 Ra6 12. Qc2 Qh4 13. Qe4 Qxe4 14. Nxe4 Ba7
15. c5 Rc6 16. Bd4 Ng6 17. f3 Ne5 18. Rac1 Rg6 19. f4 Nc6 20. Bf3 Rge6 21. Ng5
R6e7 22. Bd5 Nxd4 23. exd4 h6 24. Nf3 Re2 25. Ne5 Re7 26. a3 b6 27. b4 axb4 28.
axb4 bxc5 29. bxc5 Rd2 30. Rfd1 Rxd1+ 31. Rxd1 c6 32. Bc4 Bb8 33. Rb1 Bc7 34.
Ra1 Kh7 35. Nxf7 Bxf4 36. Ra8 Bb7 37. Bd3+ g6 38. Rb8 Bxb8 {White resigns} 0-1

[Event "Team 45 45 League T57"]
[Site "Internet Chess Club"]
[Date "2013.05.25"]
[Round "1"]
[White "chrisgianno"]
[Black "Buford-Julep"]
[Result "0-1"]
[WhiteElo "1706"]
[BlackElo "1698"]
[Opening "QGA: 3.e4"]
[ECO "D20"]
[Time "11:24:22"]
[TimeControl "2700+45"]

1. d4 d5 2. c4 dxc4 3. e4 e5 4. d5 Nf6 5. Bg5 Bc5 6. Bxc4 Bxf2+ 7. Kf1 h6 8.
Bxf6 Qxf6 9. Nf3 Bb6 10. Nc3 a6 11. Qd2 Bg4 12. Ke2 O-O 13. Rhf1 Nd7 14. h3 Bh5
15. g4 Bg6 16. Nd4 exd4 17. Rxf6 dxc3 18. Qxc3 Nxf6 19. e5 Ne4 20. Qf3 Rae8 21.
Qf4 Bd4 22. e6 fxe6 23. Qxc7 exd5 24. Bxd5+ Bf7 25. Bxe4 Rxe4+ 26. Kd3 Bg6 27.
Kd2 Rf2+ 28. Kd1 Rf1+ 29. Kd2 Rxa1 30. Qxb7 Rae1 31. Qxa6 R4e2+ 32. Qxe2 Rxe2+
33. Kxe2 Bxb2 34. Kd2 {White resigns} 0-1

[Event "Team 45 45 League T57"]
[Site "Internet Chess Club"]
[Date "2013.05.27"]
[Round "1"]
[White "pauliewoll"]
[Black "werty"]
[Result "1/2-1/2"]
[WhiteElo "1576"]
[BlackElo "1569"]
[Opening "French: Rubinstein variation"]
[ECO "C03"]
[Time "04:30:46"]
[TimeControl "2700+45"]

1. e4 e6 2. d4 d5 3. Nd2 dxe4 4. Nxe4 Nd7 5. Nf3 Ngf6 6. Nxf6+ Nxf6 7. Bd3 Bd6
8. Bg5 h6 9. Bxf6 Qxf6 10. Qe2 Bd7 11. Ne5 O-O-O 12. Qe4 Bxe5 13. Qxe5 Qxe5+ 14.
dxe5 Bc6 15. O-O Rd4 16. f4 Be4 17. Bxe4 Rxe4 18. Rae1 Rd4 19. f5 Rhd8 20. fxe6
fxe6 21. Rf2 {Game drawn by mutual agreement} 1/2-1/2

[Event "Team 45 45 League T57"]
[Site "Internet Chess Club"]
[Date "2013.05.26"]
[Round "1"]
[White "Signalman"]
[Black "SirIvanhoe"]
[Result "1-0"]
[WhiteElo "1581"]
[BlackElo "1551"]
[Opening "Caro-Kann: Goldman (Spielmann) variation"]
[ECO "B11"]
[Time "13:04:26"]
[TimeControl "2700+45"]

1. e4 c6 2. Nc3 d5 3. Qf3 dxe4 4. Nxe4 Nd7 5. d4 Ndf6 6. c3 Bg4 7. Qf4 e6 8. Nf3
Nxe4 9. Qxe4 Nf6 10. Qe3 Be7 11. Bd3 Nd5 12. Qe2 Nf6 13. O-O Bxf3 14. Qxf3 Qd5
15. Qxd5 cxd5 16. Bb5+ Nd7 17. Re1 a6 18. Bd3 b5 19. Bf4 Nb6 20. b3 Ba3 21. Bc7
Nd7 22. b4 Rc8 23. Rab1 Rxc7 24. Rb3 Bxb4 25. cxb4 Ke7 26. Ra3 Rc6 27. f4 h6 28.
Kf2 Rhc8 29. Ke2 Nb8 30. Kd2 Kf6 31. g4 R8c7 32. h4 g5 33. fxg5+ hxg5 34. Rf1+
Kg7 35. hxg5 Rc8 36. Rh1 Rh8 37. Rxh8 Kxh8 38. Rc3 Kg7 39. Rc5 Kf8 40. a3 Ke7
41. Bc2 Kd6 42. g6 fxg6 43. Bxg6 Ke7 44. Ke3 Kf6 45. Be8 Rxc5 46. bxc5 Ke7 47.
c6 Kd6 48. g5 Nxc6 49. Bxc6 Ke7 50. Bb7 a5 51. Bc8 b4 52. axb4 axb4 53. Kd2 Kd6
54. Kc2 e5 55. g6 Ke7 56. dxe5 Kf8 57. Kb3 Kg7 58. Bf5 Kf8 59. Kxb4 Ke7 60. Kc5
d4 61. Kxd4 Kf8 62. e6 Ke7 63. g7 Kf6 64. g8=Q Ke7 65. Qf7+ Kd6 66. Qd7# {Black
checkmated} 1-0

[Event "Team 45 45 League T57"]
[Site "Internet Chess Club"]
[Date "2013.05.23"]
[Round "1"]
[White "cBishop"]
[Black "vvsi"]
[Result "1-0"]
[WhiteElo "1673"]
[BlackElo "1728"]
[Opening "Kevitz-Trajkovich defense"]
[ECO "A50"]
[Time "10:04:03"]
[TimeControl "2700+45"]

1. d4 Nf6 2. c4 Nc6 3. Nc3 e5 4. d5 Ne7 5. e4 Ng6 6. Nf3 Bb4 7. Bd2 Bxc3 8. Bxc3
Nxe4 9. Bxe5 Nxe5 10. Nxe5 Qf6 11. Qd4 d6 12. Nf3 Qxd4 13. Nxd4 O-O 14. f3 Nf6
15. Kd2 Bd7 16. Bd3 Rfe8 17. Rhe1 Rxe1 18. Rxe1 Re8 19. Re3 Kf8 20. Bf5 a6 21.
b4 Re5 22. Rxe5 dxe5 23. Bxd7 Nxd7 24. Nb3 f5 25. Kd3 Ke7 26. a4 b6 27. a5 Kd6
28. axb6 cxb6 29. Kc3 g5 30. Nd2 b5 31. g4 fxg4 32. Ne4+ Kc7 33. fxg4 h6 34. c5
Nf8 35. Nf6 Ng6 36. Kd3 Nf4+ 37. Ke4 Kd8 38. c6 Kc7 39. Ne8+ Kd8 40. c7+ Kd7 41.
d6 Ne6 42. Kxe5 Nf8 43. Nf6+ Kc8 44. Kd5 Kb7 45. Ne4 {Black resigns} 1-0

[Event "Team 45 45 League T57"]
[Site "Internet Chess Club"]
[Date "2013.05.26"]
[Round "1"]
[White "Gilguli"]
[Black "rayfincle"]
[Result "0-1"]
[WhiteElo "1345"]
[BlackElo "1469"]
[Opening "King's Indian, 3.Nf3"]
[ECO "E61"]
[Time "14:30:21"]
[TimeControl "2700+45"]

1. d4 Nf6 2. Nf3 g6 3. c4 Bg7 4. Nc3 O-O 5. h3 d6 6. Bf4 Nbd7 7. e3 c5 8. d5 Qb6
9. Qb3 Nh5 10. Bh2 Re8 11. Bd3 Nb8 12. O-O Na6 13. Qxb6 axb6 14. Na4 Nb4 15.
Nxb6 Ra6 16. Nxc8 Nxd3 17. Nxe7+ Rxe7 18. Rab1 Ne5 19. Nxe5 Bxe5 20. Bxe5 Rxe5
21. a3 f5 22. Rfe1 Kf7 23. g4 fxg4 24. hxg4 Nf6 25. f3 Ra8 26. Kf2 Nd7 27. f4
Re4 28. Rbc1 Nb6 29. Kf3 Rxc4 30. Rxc4 Nxc4 31. e4 Nxb2 32. Rb1 Rxa3+ 33. Ke2
Ra2 34. Kd2 Nc4+ 35. Kc3 Na5 36. Rb5 Ke7 37. e5 dxe5 38. fxe5 Ra3+ 39. Kc2 Ra4
40. Rb6 Nc4 41. Rxb7+ Kf8 42. e6 Nd6 43. Rb6 Ke7 44. Rc6 Rxg4 45. Rc7+ Ke8 46.
Rxh7 Rg5 47. Rh8+ Ke7 48. Rh7+ Kf6 49. Rf7+ Nxf7 50. exf7 Kxf7 51. d6 {White
resigns} 0-1

[Event "Team 45 45 League T57"]
[Site "Internet Chess Club"]
[Date "2013.05.30"]
[Round "1"]
[White "steadman"]
[Black "xwang1"]
[Result "1-0"]
[WhiteElo "2142"]
[BlackElo "2083"]
[Opening "King's Indian: orthodox, Aronin-Taimanov, 9.Ne1"]
[ECO "E98"]
[Time "19:00:48"]
[TimeControl "2700+45"]

1. d4 Nf6 2. c4 g6 3. Nc3 Bg7 4. e4 d6 5. Nf3 O-O 6. Be2 e5 7. O-O Nc6 8. d5 Ne7
9. Ne1 Nd7 10. Nd3 f5 11. f3 Nf6 12. Bd2 Kh8 13. c5 c6 14. cxd6 Qxd6 15. Be3 b6
16. f4 Nxe4 17. fxe5 Nxc3 18. exd6 Nxd1 19. dxe7 Nxe3 20. exf8=Q+ Bxf8 21. Rfc1
cxd5 22. Bf3 Ba6 23. Nf4 Bc5 24. Kh1 Re8 25. Nxd5 Nxd5 26. Bxd5 Re2 27. Rab1 Bd3
28. Bc4 Bxb1 29. Bxe2 Bxa2 30. Ra1 Bd5 31. Rxa7 Be4 32. Bf3 Bd3 33. Rc7 f4 34.
Rd7 Bf5 35. Rb7 Be3 36. g3 g5 37. gxf4 gxf4 38. Kg2 Bd3 39. Bd5 Ba6 40. Rf7 Bd3
41. h4 Bg6 42. Rb7 h6 43. Bf3 Bc2 44. Bd5 Bg6 45. Re7 Bd4 46. Be4 Bxe4+ 47. Rxe4
Bxb2 48. Rxf4 Kg7 49. Rb4 Bf6 50. Kh3 Bd8 51. Kg4 Bc7 52. Kh5 Bd6 53. Rxb6 Bf4
54. Kg4 Be3 55. Re6 Bc1 56. Kf5 Bd2 57. Re7+ Kf8 58. Rb7 Be1 59. Kg4 Bd2 60. Kh5
Be3 61. Kg6 Bd2 62. Rb2 Bc1 63. Rc2 Be3 64. Re2 Bc1 65. Rf2+ Ke8 66. Rf1 Bd2 67.
Rd1 Bf4 68. Re1+ Kd7 69. Kf5 Bg3 70. Re4 Bd6 71. Re6 Bf8 72. Rf6 Ke7 73. Kg6 Ke8
74. Re6+ Kd7 75. Kf7 {Black resigns} 1-0

[Event "Team 45 45 League T57"]
[Site "Internet Chess Club"]
[Date "2013.05.25"]
[Round "1"]
[White "DARKwizard1"]
[Black "Kueh"]
[Result "1-0"]
[WhiteElo "1997"]
[BlackElo "2002"]
[Opening "QGD Slav defense"]
[ECO "D10"]
[Time "17:00:35"]
[TimeControl "2700+45"]

1. d4 d5 2. c4 c6 3. Nc3 Nf6 4. g3 e6 5. Bg2 Bb4 6. Nf3 O-O 7. O-O dxc4 8. Ne5
Nd5 9. Qc2 b5 10. a4 Bb7 11. axb5 Bxc3 12. bxc6 Nxc6 13. bxc3 Nxe5 14. dxe5 Qc7
15. Ba3 Rfc8 16. Bd6 Qd7 17. Rfd1 f5 18. e4 Nb6 19. exf5 Bxg2 20. Kxg2 exf5 21.
Rd4 g6 22. h4 Qe6 23. Qe2 a5 24. h5 Nd5 25. Qf3 Ne7 26. Qb7 Nc6 27. hxg6 hxg6
28. Rh4 Ra7 29. Qb6 Rd7 30. Qb5 Nd8 31. Rxa5 Nf7 32. Ra6 Nxd6 33. exd6 Rxd6 34.
Rxd6 Qxd6 35. Rxc4 Rb8 36. Qc6 Qxc6+ 37. Rxc6 Kf7 38. Kf3 Rb2 39. Ke3 g5 40. c4
Rc2 41. Kf3 Ke7 42. Rc8 Kd7 43. Rc5 Ke6 44. Ke3 f4+ 45. Kf3 fxg3 46. fxg3 Kd6
47. Rxg5 Rxc4 48. g4 Ke6 49. Rf5 Rc1 50. Kg3 Rh1 51. Rf8 Rh6 52. g5 Rh7 53. Kg4
Rf7 54. Ra8 Rb7 55. Kh5 Kf7 56. Kh6 Rb6+ 57. Kh7 Rb1 58. g6+ Kf6 59. g7 {Black
resigns} 1-0

[Event "Team 45 45 League T57"]
[Site "Internet Chess Club"]
[Date "2013.05.26"]
[Round "1"]
[White "PoisonPawn"]
[Black "laurenpar"]
[Result "1-0"]
[WhiteElo "2061"]
[BlackElo "1916"]
[Opening "Sicilian: Najdorf, Byrne (English) attack"]
[ECO "B90"]
[Time "09:11:46"]
[TimeControl "2700+45"]

1. e4 c5 2. Nf3 d6 3. d4 cxd4 4. Nxd4 Nf6 5. Nc3 a6 6. Be3 Nbd7 7. f3 b5 8. g4
Bb7 9. g5 Nh5 10. Qd2 g6 11. O-O-O Rc8 12. Bh3 e5 13. Nb3 Be7 14. Bxd7+ Qxd7 15.
Nc5 Qc6 16. Nxb7 Qxb7 17. Nd5 Rc6 18. f4 exf4 19. Bxf4 Nxf4 20. Qxf4 O-O 21.
Rhf1 Bd8 22. h4 Qc8 23. Rd2 Qe6 24. Rfd1 f6 25. Qe3 fxg5 26. hxg5 Qe5 27. Rg2
Rc4 28. Rg4 Re8 29. Re1 Ba5 30. Nf6+ Qxf6 31. gxf6 {Black resigns} 1-0

[Event "Team 45 45 League T57"]
[Site "Internet Chess Club"]
[Date "2013.05.27"]
[Round "1"]
[White "primerpaso"]
[Black "FlyingTiger"]
[Result "0-1"]
[WhiteElo "1863"]
[BlackElo "1842"]
[Opening "English: symmetrical, Botvinnik system"]
[ECO "A36"]
[Time "18:01:11"]
[TimeControl "2700+45"]

1. c4 c5 2. Nc3 Nc6 3. g3 g6 4. Bg2 Bg7 5. e4 Nf6 6. Nge2 O-O 7. O-O d6 8. d4
cxd4 9. Nxd4 Nxe4 10. Nxc6 Nxc3 11. Nxd8 Nxd1 12. Nxb7 Bxb7 13. Rxd1 Bxg2 14.
Kxg2 Rfc8 15. Re1 Kf8 16. Re4 Rab8 17. Rb1 f5 18. Rh4 h5 19. c5 Rxc5 20. Ra4 a5
21. Be3 Rd5 22. b3 Rb4 23. Rc1 Rxa4 24. bxa4 Bb2 25. Rc8+ Kf7 26. Ra8 Bc3 27.
Ra7 Kf6 28. h4 Ke6 29. Bb6 Rd2 30. Kf3 Rxa2 31. Kf4 Rxa4+ 32. Kg5 Rg4+ 33. Kh6
a4 34. Be3 Bb2 35. Bg5 a3 36. Kxg6 d5 37. Kxh5 d4 38. Ra6+ Kf7 39. Ra5 e6 40.
Ra7+ Ke8 41. Kg6 d3 42. Re7+ Kd8 43. Rxe6+ Rxg5+ {White resigns} 0-1

[Event "Team 45 45 League T57"]
[Site "Internet Chess Club"]
[Date "2013.05.25"]
[Round "1"]
[White "imgr8"]
[Black "BigH"]
[Result "1-0"]
[WhiteElo "2123"]
[BlackElo "2061"]
[Opening "Sicilian: Canal-Sokolsky attack, Sokolsky variation"]
[ECO "B52"]
[Time "08:22:26"]
[TimeControl "2700+45"]

1. e4 c5 2. Nf3 d6 3. Bb5+ Bd7 4. Bxd7+ Qxd7 5. c4 Nf6 6. Nc3 g6 7. O-O Bg7 8.
d4 cxd4 9. Nxd4 O-O 10. f3 Rc8 11. b3 d5 12. e5 Ne8 13. Nxd5 e6 14. Nc3 Rd8 15.
Ndb5 Bxe5 16. Qe2 Nc6 17. Bg5 f6 18. Rad1 Qe7 19. Be3 a6 20. f4 Bb8 21. Rxd8
Qxd8 22. Rd1 Qe7 23. Nd4 Ba7 24. Nxc6 Bxe3+ 25. Qxe3 bxc6 26. Na4 Ng7 27. Qb6
Qe8 28. Nc5 e5 29. Ne4 Nh5 30. g4 exf4 31. Re1 Qe6 32. gxh5 f5 33. Qb7 Rf8 34.
Qxh7+ Kxh7 35. Ng5+ Kh6 36. Nxe6 Re8 37. hxg6 {Black resigns} 1-0

[Event "Team 45 45 League T57"]
[Site "Internet Chess Club"]
[Date "2013.05.24"]
[Round "1"]
[White "TerryMalloy"]
[Black "Mymas"]
[Result "1-0"]
[WhiteElo "1918"]
[BlackElo "1655"]
[Opening "Sicilian: dragon, Yugoslav attack, 9...Bd7"]
[ECO "B77"]
[Time "18:04:20"]
[TimeControl "2700+45"]

1. e4 c5 2. Nf3 d6 3. d4 cxd4 4. Nxd4 Nf6 5. Nc3 g6 6. Be3 Bg7 7. f3 O-O 8. Qd2
Nc6 9. Bc4 Bd7 10. h4 Rc8 11. Bb3 Ne5 12. O-O-O Nc4 13. Bxc4 Rxc4 14. h5 Nxh5
15. g4 Nf6 16. Bh6 Qa5 17. Bxg7 Kxg7 18. Qh6+ Kg8 19. Nd5 Qxd5 20. exd5 Rfc8 21.
g5 Nh5 22. Rh2 b5 23. Rdh1 Rxd4 24. Rxh5 gxh5 25. Qxh5 Bf5 26. Rh2 Rxd5 27. g6
Bxc2 28. Qxh7+ Kf8 29. Qh8# {Black checkmated} 1-0

[Event "Team 45 45 League T57"]
[Site "Internet Chess Club"]
[Date "2013.05.24"]
[Round "1"]
[White "Goldenberg"]
[Black "MeWantCookie"]
[Result "1-0"]
[WhiteElo "1732"]
[BlackElo "1881"]
[Opening "Owen defense"]
[ECO "B00"]
[Time "22:00:48"]
[TimeControl "2700+45"]

1. e4 b6 2. Nc3 Bb7 3. d4 e6 4. Nf3 Bb4 5. Bd3 Nf6 6. Qe2 d5 7. exd5 Qxd5 8. O-O
Bxc3 9. bxc3 O-O 10. Ba3 Re8 11. c4 Qh5 12. Rfe1 Bxf3 13. Qxf3 Qxf3 14. gxf3
Nbd7 15. Bb2 c5 16. d5 Rad8 17. Rad1 Nf8 18. Re3 Ng6 19. Be4 Rd6 20. Ra3 Rd7 21.
h3 Nxe4 22. fxe4 exd5 23. exd5 Re4 24. Re3 Rxc4 25. Re8+ Nf8 26. Rd2 f6 27. f3
Kf7 28. Re4 Rb4 29. Bc3 Rb1+ 30. Kf2 b5 31. a3 Rd6 32. Ba5 Rh1 33. Kg2 Ra1 34.
Re3 Ng6 35. Rc3 c4 36. Bc7 Rd7 37. d6 Nh4+ 38. Kf2 Nf5 39. Rd5 g6 40. Rxb5 Rd1
41. Rxc4 Nxd6 42. Bxd6 R1xd6 43. Rc8 g5 44. Kg3 Rd4 45. Rc6 Kg6 46. Rb8 h5 47.
Rg8+ Kf5 48. h4 gxh4+ 49. Kh3 Rf4 50. Rc5+ Ke6 51. Rc3 a5 52. Ra8 Rd5 53. Re8+
Kf7 54. Re2 Rg5 55. Kh2 a4 56. Ree3 Rd5 57. Re2 Rd1 58. Rc7+ Kg6 59. Rg2+ Kf5
60. Rc5+ Ke6 61. Re2+ Kd6 62. Rc3 Rd5 63. Kh3 Rc5 64. Rd3+ Kc6 65. Re8 Kb5 66.
Rb8+ Ka6 67. c3 Rfc4 68. Rb4 Rxc3 69. Rxc3 Rxc3 70. Rxa4+ Kb5 71. Rf4 Rxa3 72.
Kxh4 Kc6 73. Rxf6+ Kd7 74. Kxh5 Ke7 75. Kg6 Ra1 76. f4 Rh1 77. Rf7+ Ke8 78. Ra7
Rg1+ 79. Kf6 Rb1 80. f5 Rb8 81. Kg7 {Black resigns} 1-0

[Event "Team 45 45 League T57"]
[Site "Internet Chess Club"]
[Date "2013.05.24"]
[Round "1"]
[White "zap2"]
[Black "zigzag2002"]
[Result "1-0"]
[WhiteElo "1838"]
[BlackElo "1904"]
[Opening "Réti: King's Indian attack, French variation"]
[ECO "A07"]
[Time "16:44:25"]
[TimeControl "2700+45"]

1. Nf3 d5 2. g3 e6 3. Bg2 Nf6 4. d3 c5 5. Nbd2 Be7 6. O-O O-O 7. Re1 Nc6 8. e4
Qc7 9. Qe2 b5 10. e5 Nd7 11. Nf1 Ba6 12. h4 Rac8 13. c3 b4 14. Bf4 Qa5 15. Qd2
Rb8 16. h5 Rb7 17. Ne3 Rfb8 18. c4 dxc4 19. Nxc4 Qd8 20. h6 g6 21. b3 Nb6 22.
Nd6 Rc7 23. Rad1 Nc8 24. Qb2 Rd7 25. d4 Nxd6 26. exd6 Bf6 27. Be5 Nxd4 28. Nxd4
Rxd6 29. Bxd6 Qxd6 30. Nc6 Qxd1 31. Rxd1 Bxb2 32. Nxb8 Bd4 33. Nxa6 f6 34. Nxb4
Kf7 35. Nc6 Bc3 36. Rd7+ Kg8 37. Ne7+ Kf7 38. Rxa7 Ba1 39. Nf5+ Kf8 40. Ng7 f5
41. Nxe6+ Kg8 42. Bd5 Bc3 43. Ng5+ Kf8 44. Nxh7+ Ke8 45. Bf7+ Kd8 46. Bxg6 Kc8
47. Rf7 Kd8 48. Nf6 c4 49. h7 Bxf6 50. Rxf6 Ke7 51. Rf7+ {Black resigns} 1-0

[Event "Team 45 45 League T57"]
[Site "Internet Chess Club"]
[Date "2013.05.24"]
[Round "1"]
[White "NimzoMal"]
[Black "otherook"]
[Result "1-0"]
[WhiteElo "1929"]
[BlackElo "1761"]
[Opening "Old Indian defense"]
[ECO "A42"]
[Time "12:00:24"]
[TimeControl "2700+45"]

1. d4 d6 2. c4 e5 3. dxe5 dxe5 4. Qxd8+ Kxd8 5. Nc3 Be6 6. e4 Nd7 7. Nf3 f6 8.
Be2 c6 9. O-O Kc7 10. Rd1 a5 11. Be3 Nc5 12. Ne1 Nh6 13. h3 Be7 14. Nd3 Nxd3 15.
Bxd3 b6 16. Na4 Rab8 17. b3 Nf7 18. Be2 Rhd8 19. Rxd8 Nxd8 20. Rd1 b5 21. cxb5
cxb5 22. Nc3 b4 23. Nb5+ Kb7 24. f4 Nc6 25. f5 Bc8 26. g4 h6 27. Bc4 Ra8 28.
Nd6+ Kc7 29. Ne8+ Kb7 30. Nxg7 {Black resigns} 1-0

[Event "Team 45 45 League T57"]
[Site "Internet Chess Club"]
[Date "2013.05.22"]
[Round "1"]
[White "hondocando"]
[Black "badmove"]
[Result "1-0"]
[WhiteElo "1554"]
[BlackElo "1638"]
[Opening "Ruy Lopez: Marshall, main line, 14...Qh3"]
[ECO "C89"]
[Time "18:17:10"]
[TimeControl "2700+45"]

1. e4 e5 2. Nf3 Nc6 3. Bb5 a6 4. Ba4 Nf6 5. O-O Be7 6. Re1 b5 7. Bb3 O-O 8. c3
d5 9. exd5 Nxd5 10. Nxe5 Nxe5 11. Rxe5 c6 12. d4 Bd6 13. Re1 Qh4 14. g3 Qh3 15.
Qf3 Bg4 16. Qg2 Rfe8 17. Be3 Nxe3 18. Rxe3 Qxg2+ 19. Kxg2 Rxe3 20. fxe3 Re8 21.
Kf2 c5 22. a3 c4 23. Bc2 Re6 24. Nd2 Rf6+ 25. Kg2 Bc7 26. Rf1 Rh6 27. Bf5 Be2
28. Rf2 Bd1 29. e4 Rd6 30. e5 Rh6 31. Rf1 Be2 32. Re1 Bh5 33. d5 Bg6 34. Bg4 f5
35. Bf3 Be8 36. d6 Bd8 37. e6 g5 38. Bd5 Kg7 39. d7 Bxd7 40. e7 Bc7 41. e8=Q
{Black resigns} 1-0

[Event "Team 45 45 League T57"]
[Site "Internet Chess Club"]
[Date "2013.05.26"]
[Round "1"]
[White "ILRE"]
[Black "crazyhorses"]
[Result "0-1"]
[WhiteElo "1531"]
[BlackElo "1408"]
[Opening "English: four knights, Capablanca variation"]
[ECO "A28"]
[Time "12:00:20"]
[TimeControl "2700+45"]

1. c4 Nf6 2. Nc3 e5 3. Nf3 Nc6 4. d3 d5 5. cxd5 Nxd5 6. g3 Bc5 7. Bg2 Nxc3 8.
bxc3 O-O 9. O-O Be6 10. Qc2 h6 11. Bb2 Qd7 12. c4 f6 13. a3 Qf7 14. e3 e4 15.
dxe4 Rfd8 16. Rfd1 Bxc4 17. Rxd8+ Rxd8 18. Rc1 b5 19. Nh4 Na5 20. Rd1 Rxd1+ 21.
Qxd1 Qe7 22. Nf5 Qf7 23. Qd2 Nb3 24. Qc3 Qd7 25. Nd4 Bxd4 26. exd4 c5 27. dxc5
Qd1+ {White resigns} 0-1

[Event "Team 45 45 League T57"]
[Site "Internet Chess Club"]
[Date "2013.05.25"]
[Round "1"]
[White "kingphisch"]
[Black "seattleblues"]
[Result "0-1"]
[WhiteElo "1475"]
[BlackElo "1443"]
[Opening "Caro-Kann: exchange, Rubinstein variation"]
[ECO "B13"]
[Time "19:04:00"]
[TimeControl "2700+45"]

1. e4 c6 2. d4 d5 3. exd5 cxd5 4. Bd3 Nc6 5. c3 Nf6 6. Bf4 Qb6 7. Qc2 Bg4 8. Nd2
e6 9. Ngf3 Bh5 10. O-O Bg6 11. Bxg6 hxg6 12. Rfe1 Be7 13. Ne5 Nxe5 14. Bxe5 Bd6
15. Qa4+ Kf8 16. Bxd6+ Qxd6 17. Qb4 Qxb4 18. cxb4 Rc8 19. Rac1 Ke7 20. Rc3 Nd7
21. Rec1 Rxc3 22. Rxc3 Kd6 23. f4 Nb6 24. b3 Rc8 25. Rxc8 Nxc8 26. Nf3 Ne7 27.
g4 f6 28. Kf2 Nc6 29. a3 e5 30. fxe5+ fxe5 31. b5 Nxd4 32. Nxd4 exd4 33. b4 Ke5
34. Ke2 Ke4 35. a4 g5 36. a5 d3+ 37. Kd2 d4 38. b6 axb6 39. axb6 Kf3 40. Kxd3
Kxg4 41. Kxd4 Kh3 42. Kd5 Kxh2 43. Kd6 g4 44. Kc7 g3 45. Kxb7 g2 46. Ka7 g1=Q
47. Ka8 Qxb6 48. b5 Qxb5 49. Ka7 g5 {White resigns} 0-1

[Event "Team 45 45 League T57"]
[Site "Internet Chess Club"]
[Date "2013.05.25"]
[Round "1"]
[White "divy7"]
[Black "frank001"]
[Result "1/2-1/2"]
[WhiteElo "1651"]
[BlackElo "1759"]
[Opening "Sicilian: Najdorf"]
[ECO "B90"]
[Time "21:02:02"]
[TimeControl "2700+45"]

1. e4 c5 2. Nf3 d6 3. d4 cxd4 4. Nxd4 Nf6 5. Nc3 a6 6. f3 e5 7. Nb3 Be6 8. Bg5
Nbd7 9. Be2 Be7 10. Qd2 h6 11. Bxf6 Nxf6 12. O-O O-O 13. Rad1 Qc7 14. Nc1 Qb6+
15. Kh1 Qxb2 16. Nb3 Rac8 17. Na4 Qxc2 18. Nb6 Rc6 19. Nd5 Bxd5 20. exd5 Rc7 21.
Qa5 Bd8 22. Bd3 Qc3 23. Qb6 Ne8 24. Bb1 Rd7 25. Qa7 Bg5 26. Bf5 Rc7 27. Qb6 Be3
28. Qa5 g6 29. Bb1 f5 30. Rd3 Qxa5 31. Nxa5 f4 32. Rb3 b6 33. Nc6 Kg7 34. Bd3 b5
35. Ra3 Nf6 36. Rxa6 Nxd5 37. Bxb5 Nc3 38. Bd3 Rfc8 39. Nb4 Bc5 40. Nc2 g5 41.
h3 d5 42. Re6 Re7 43. Rg6+ Kf7 44. Rxh6 e4 45. fxe4 dxe4 46. Bc4+ Kg7 47. Ra6 e3
48. Re6 Ne4 49. Rb1 Rcc7 50. Ne1 Ng3+ 51. Kh2 Bd4 52. Nf3 {Game drawn by mutual
agreement} 1/2-1/2

[Event "Team 45 45 League T57"]
[Site "Internet Chess Club"]
[Date "2013.05.25"]
[Round "1"]
[White "juniorVishy"]
[Black "pereelcoix"]
[Result "0-1"]
[WhiteElo "1604"]
[BlackElo "1573"]
[Opening "Nimzo-Indian: 4.e3, Gligoric system with 7...dc"]
[ECO "E56"]
[Time "09:06:56"]
[TimeControl "2700+45"]

1. d4 Nf6 2. c4 e6 3. Nc3 Bb4 4. e3 O-O 5. Bd3 d5 6. Nf3 c5 7. O-O dxc4 8. Bxc4
Nc6 9. a3 Ba5 10. Ne2 cxd4 11. Nexd4 Nxd4 12. Nxd4 e5 13. Nf3 Qxd1 14. Rxd1 e4
15. Nd4 Bb6 16. b4 Bg4 17. Rd2 Rfd8 18. Bb2 Rac8 19. Be2 Bxe2 20. Rxe2 Bxd4 21.
Bxd4 b6 22. h3 Rd5 23. Rd1 Rcd8 24. Red2 R5d7 25. Kf1 Nd5 26. Ke2 f5 27. Bb2 Kf7
28. Rc2 Nf4+ 29. exf4 Rxd1 30. Rc7+ R1d7 31. Rc2 g6 32. Be5 Ke6 33. Rc6+ Kd5 34.
Rc2 Ke6 35. Rc6+ Ke7 36. Rc2 Rd3 37. Bb2 b5 38. Bc1 h5 39. Rc6 Kf7 40. Rc7+ R8d7
41. Rc5 a6 42. Rc6 R7d6 43. Rc7+ Ke8 44. Rc8+ Kd7 45. Rc5 Rc6 46. Rxc6 Kxc6 47.
g3 Rc3 48. Kd2 Rf3 49. Ke2 Kd5 50. h4 Kc4 51. Be3 Kb3 52. Kd2 Kxa3 53. Kc3 Ka4
54. Kb2 Kxb4 55. Kc2 a5 56. Kb2 a4 57. Ka2 Kc4 58. Kb2 b4 59. Ka2 b3+ 60. Kb2
a3+ 61. Kb1 Kc3 62. Ka1 Kc2 63. g4 b2+ 64. Ka2 b1=Q+ {White resigns} 0-1

[Event "Team 45 45 League T57"]
[Site "Internet Chess Club"]
[Date "2013.05.27"]
[Round "1"]
[White "Andaluz"]
[Black "AndyYang2002"]
[Result "1/2-1/2"]
[WhiteElo "1143"]
[BlackElo "1448"]
[Opening "Scotch: Schmidt variation"]
[ECO "C45"]
[Time "13:18:21"]
[TimeControl "2700+45"]

1. e4 e5 2. Nf3 Nc6 3. d4 exd4 4. Nxd4 Nf6 5. Nxc6 bxc6 6. Bd3 d5 7. exd5 cxd5
8. O-O Bc5 9. Re1+ Be6 10. Be3 Qd6 11. Bxc5 Qxc5 12. Bf5 O-O 13. Bxe6 fxe6 14.
Nc3 Rae8 15. Na4 Qd6 16. Nc3 Qf4 17. g3 Qf5 18. f3 c6 19. Kg2 Nd7 20. Qe2 Rf6
21. Rf1 Ref8 22. Rf2 Qh5 23. Raf1 Rh6 24. Kg1 e5 25. h4 g5 26. Rh2 gxh4 27. Rxh4
Rf5 28. Rxh5 Rfxh5 29. Qg2 Rg6 30. Kf2 Rgh6 31. Kg1 {Game drawn by mutual
agreement} 1/2-1/2

[Event "Team 45 45 League T57"]
[Site "Internet Chess Club"]
[Date "2013.05.27"]
[Round "1"]
[White "fledermaus"]
[Black "kyoroogi"]
[Result "1/2-1/2"]
[WhiteElo "1950"]
[BlackElo "2076"]
[Opening "King's Indian: orthodox, Aronin-Taimanov, bayonet attack"]
[ECO "E97"]
[Time "14:07:21"]
[TimeControl "2700+45"]

1. Nf3 Nf6 2. c4 g6 3. Nc3 Bg7 4. e4 d6 5. d4 O-O 6. Be2 e5 7. O-O Nc6 8. d5 Ne7
9. b4 a5 10. Ba3 axb4 11. Bxb4 Nd7 12. a4 Bh6 13. Nb5 f5 14. Bd2 Bxd2 15. Nxd2
Nc5 16. Bf3 Bd7 17. Qc2 Kg7 18. Nc3 Ng8 19. a5 Nf6 20. Nb3 Ncxe4 21. Bxe4 Nxe4
22. Nxe4 fxe4 23. Qxe4 Rf4 24. Qe2 Qg5 25. f3 h5 26. Nd2 Bf5 27. Ne4 Bxe4 28.
fxe4 Rxf1+ 29. Kxf1 Rf8+ 30. Kg1 Ra8 {Game drawn by mutual agreement} 1/2-1/2

[Event "Team 45 45 League T57"]
[Site "Internet Chess Club"]
[Date "2013.05.26"]
[Round "1"]
[White "ben622"]
[Black "DavidBarnsley"]
[Result "1/2-1/2"]
[WhiteElo "1964"]
[BlackElo "1967"]
[Opening "Caro-Kann: Bronstein-Larsen variation"]
[ECO "B16"]
[Time "16:00:27"]
[TimeControl "2700+45"]

1. e4 c6 2. d4 d5 3. Nd2 dxe4 4. Nxe4 Nf6 5. Nxf6+ gxf6 6. Nf3 Bg4 7. Be2 Qc7 8.
O-O Nd7 9. c4 O-O-O 10. Qa4 Kb8 11. Be3 Rg8 12. d5 Nb6 13. Bxb6 Qxb6 14. dxc6
Qxc6 15. Qxc6 bxc6 {Game drawn by mutual agreement} 1/2-1/2